Map: Chantier naval orbital

Players

Smurf - Winner!

  • Race: Zerg Zerg
  • League: Gold

VOD

Have the link to the VOD?

Description

Time

  • Played on: Sept. 25, 2015, 5:18 a.m.
  • Length: 8:14
Show
View Real Time Build Order
Export as new Build Order

Smurf Zerg - Winner!

Build Orders: Hatch First 

Get SALT Encoding   

  12  0:03  Drone  
  12  0:08  Drone  
  12  0:15  Extractor  
  12  0:16  Drone  
  12  0:39  Hatchery  
  12  0:42  Extractor  
  12  0:44  Extractor  
  12  0:46  Drone  
  12  0:50  Drone  
  12  1:04  Spawning Pool  
  12  1:07  Extractor  
  12  1:09  Extractor  
  12  1:11  Drone  
  12  1:16  Overlord  
  12  1:35  Drone  
  12  1:36  Drone x2  
  12  1:47  Drone  
  12  1:56  Queen  
  12  1:58  Queen  
  12  2:05  Zergling x2  
  12  2:06  Zergling x2  
  12  2:10  Overlord  
  12  2:18  Metabolic Boost  
  12  2:21  Drone  
  12  2:31  Drone, Baneling Nest  
  12  2:39  Drone x2  
  12  2:41  Drone  
  12  2:46  Drone  
  12  2:51  Overlord  
  12  2:58  Zergling x4  
  12  3:03  Zergling x2  
  12  3:10  Drone x3  
  12  3:13  Zergling x2  
  12  3:14  Zergling x2  
  12  3:20  Zergling x4  
  12  3:26  Overlord  
  12  3:44  Drone x6  
  12  3:45  Drone x2  
  12  3:48  Overlord  
  12  3:51  Drone x2  
  12  3:59  Baneling  
  12  4:00  Baneling x4  
  12  4:03  Drone x2  
  12  4:06  Extractor  
  12  4:08  Extractor  
  12  4:09  Drone x3  
  12  4:12  Drone  
  12  4:13  Drone  
  12  4:19  Drone  
  12  4:21  Overlord  
  12  4:29  Overlord  
  12  4:32  Lair  
  12  4:33  Extractor  
  12  4:34  Drone x3  
  12  4:36  Drone  
  12  4:52  Drone  
  12  4:57  Drone  
  12  4:58  Drone x2  
  12  4:59  Evolution Chamber x2  
  12  5:01  Hatchery  
  12  5:09  Overlord  
  12  5:18  Roach Warren  
  12  5:27  Queen  
  12  5:28  Overlord x2  
  12  5:33  Drone  
  12  5:34  Spire  
  12  5:37  Zerg Ground Armor Level 1, Zerg Melee Weapons Level 1  
  12  5:44  Overseer  
  12  5:47  Overlord  
  12  5:48  Drone x3  
  12  5:49  Drone x6  
  12  5:58  Glial Reconstitution  
  12  6:09  Overlord  
  12  6:10  Drone x4  
  12  6:11  Drone x6  
  12  6:26  Overlord  
  12  6:27  Extractor  
  12  6:28  Drone x3  
  12  6:29  Extractor  
  12  6:30  Drone x2  
  12  6:32  Drone  
  12  6:49  Mutalisk x5  
  12  6:50  Mutalisk x3  
  12  6:52  Mutalisk  
  12  6:54  Zergling x8  
  12  6:55  Zergling x2  
  12  7:12  Overlord x2  
  12  7:13  Mutalisk x3  
  12  7:25  Hatchery  
  12  7:52  Overseer  
Tags
 
Add a new tag
Caveats
  • Supply blocks, unpowered buildings, or Contaminate may cause inaccurate times.
  • Supply counts are checked every 10 seconds.